[Event "Sautron op 16th"]
[Site "Sautron"]
[Date "2016.10.29"]
[Round "9.5"]
[White "Koziak, Vitali"]
[Black "Bedouin, Xavier"]
[Result "1/2-1/2"]
[ECO "D92"]
[WhiteElo "2479"]
[BlackElo "2353"]
[Annotator "RR"]
[PlyCount "102"]
[EventDate "2016.10.22"]
[EventType "swiss"]
[EventRounds "9"]
[EventCountry "FRA"]
[SourceTitle "EXT 2019"]
[Source "ChessBase"]
[SourceDate "2018.10.10"]
[SourceVersion "1"]
[SourceVersionDate "2018.10.10"]
[SourceQuality "1"]
[TimeControl "40/5400+30:1800+30"]

1. d4 Nf6 2. c4 g6 3. Nc3 d5 4. Nf3 Bg7 5. Bf4 O-O 6. Rc1 Be6 7. e3 dxc4 (7... c6) 8. Ng5 Bd5 (8... Bg4 9. f3 Bc8 10. Bxc4
$14) 9. e4 h6 10. exd5 hxg5 11. Bxg5 Nxd5 (11... b5 12. Qf3 b4 (12... c6)) 12.
Bxc4 Nb6 13. Bb3 Nc6 14. d5 Nd4 $132 {[%csl Gd4,Rd5] Le P"d5" est
assez faible} 15. O-O Qd7 (15... Nxb3 16. Qxb3 Bxc3 17. bxc3 Qxd5 18. Bxe7 $11
{Gershon,A (2556)-Horvath,J (2535) EU-Cup 18th Kallithea 2002 (6.2) 1/2}) 16.
Re1 Rfe8 17. h4 (17. Be3
Nxb3 18. Qxb3 Bxc3 19. bxc3 Qxd5 20. c4 Qc6 21. Bd4 $44 {[%csl Gd4,Rg8];Amos,
B-Larsen,B USA 1968 0-1}) 17... Rac8 {[%emt 1:10:00][%cal Gc7c6] Un coup un
peu passif} (17... Rad8 18. Ba4 Nxa4 19. Qxa4 Qxa4 20. Nxa4 Rd7 21. b3 Nb5 22.
Nc5 Rxd5 23. Nxb7 Nc3 24. Rc2 Rb8 25. Bd2 Nb5 26. Na5 Na3 27. Rxc7 Rxd2 28. Nc6
Nb5 29. Rcxe7 Rb6 30. Re8+ Kh7 31. Ne5 Bxe5 32. R1xe5 Rxa2 33. R8e7 Kg7 34. h5
gxh5 35. Rxh5 Nd4 36. Rd5 Ne2+ 37. Kf1 Rh6 38. g3 Nxg3+ 39. Kg2 Nh5 {0-1 (39)
Istratescu,A (2667)-Vachier Lagrave,M (2758) Saint-Quentin 2014}) 18. Re3 $146 (18. Na4 Nxa4 19. Bxa4 b5 20. Bb3 a5 21. a3
Nxb3 22. Qxb3 a4 23. Qb4 Qxd5 24. Rc5 Qd4 25. Rxb5 c5 26. Qd2 Qxd2 27. Bxd2 Bd4
28. Bc3 Kf8 29. Kf1 Rb8 30. Ra5 Ra8 31. Rxa8 Rxa8 32. Bxd4 cxd4 33. Re4 Rd8 34.
g4 f6 35. f4 Kf7 36. Ke2 {1/2-1/2 (36) Becsenescu,F-Kukla,K (2249) ICCF email
2007}) 18... c6 19. h5 $36 gxh5 20. Qxh5 Qf5 $1 21. g4 $5 {[%emt 0:15:00] Un coup risqué et
au surplus, il ne reste plus que 15 mns aux Blancs pour passer le contrôle de
temps dans cette position compliquée} Qg6 22. Qxg6 fxg6 23.
dxc6+ Nxb3 24. axb3 Rxc6 25. Rd1 (25. Rce1 e6) 25... e6 26. Bf4 Rf8 27. Be5 Bxe5 28. Rxe5 Rf4 29. Rd8+ Kf7 30.
Re4 e5 31. Rxf4+ exf4 32. Rb8 Rc7 33. Nb5 Rd7 34. Nxa7 (34. Rxb7 Rxb7 35. Nd6+ Ke6 36. Nxb7 Kd5 (36... f3 37. Kh2 Ke5 38. Kg3 Ke4 39. Nd6+ )) 34... Kf6 35. Nc6
Kg5 36. Na5 Kxg4 37. Rxb7 Rd1+ 38. Kg2 f3+ 39. Kh2 Nd5 40. Nc4 Rf1 41. Ne5+ Kf4 42. Nxg6+ Ke4 43. Nh4 Rxf2+ 44. Kg3 $1 Rd2 45. Rf7 f2 $1 46. Rxf2 Rxf2 47. Kxf2 Kd3 48. Nf5 Kc2
49. Ne3+ Nxe3 50. Kxe3 Kxb3 51. Kd2 Kxb2 1/2-1/2